 Dungeon Crawl Stone Soup version 0.31-a0-246-g8cbcc1cb85 (webtiles) character file.

Game seed: 6222210214631982709

273 Newt the Shooter (level 6, -8/40 HPs)
             Began as a Kobold Hunter on July 12, 2023.
             Mangled by a vampire (11 damage)
             ... on level 5 of the Dungeon.
             The game lasted 00:03:28 (3250 turns).

Newt the Shooter (Kobold Hunter)                    Turns: 3250, Time: 00:03:29

Health: -8/40      AC:  5    Str:  8    XL:     6   Next: 48%
Magic:  6/6        EV: 14    Int: 11    God:
Gold:   164        SH:  0    Dex: 20    Spells: 5/5 levels left

rFire   . . .        a - +0 shortbow
rCold   . . .        (shield currently unavailable)
rNeg    . . .        c - +0 leather armour
rPois   .            e - +0 helmet
rElec   .            (no cloak)
rCorr   .            m - +0 pair of gloves
SInv    .            (no boots)
Will    .....        (no amulet)
Stlth   +++          (no ring)
HPRegen 0.26/turn    (no ring)
MPRegen 0.10/turn

%: no passive effects
@: no status effects
A: small, no large weapons, nightstalker 3
a: no special abilities


You were on level 5 of the Dungeon.
You visited 1 branch of the dungeon, and saw 5 of its levels.

You collected 164 gold pieces.

Inventory:

Hand Weapons
 a - a +0 shortbow (weapon)
 h - a +0 sling
Armour
 c - a +0 leather armour (worn)
 e - a +0 helmet (worn)
 l - a +2 ring mail of cold resistance
 m - a +0 pair of gloves (worn)
Scrolls
 b - a scroll of butterflies
 g - 4 scrolls of fog
 k - a scroll of noise
 n - a scroll of vulnerability {unknown}
 o - 3 scrolls of identify
Potions
 d - a potion of lignification {unknown}
 f - a potion of enlightenment
 i - a potion of curing
 j - a potion of haste


   Skills:
 - Level 5.0 Fighting
 + Level 7.9 Ranged Weapons
 - Level 2.4 Dodging
 - Level 1.3 Stealth


You had 5 spell levels left.
You didn't know any spells.
Your spell library contained the following spells:

 Spells                   Type           Power      Damage    Failure   Level
 Necrotise                Necr           0%         1d4       45%         1
 Sandblast                Erth           0%         2d4       45%         1
 Slow                     Hex            0%         N/A       45%         1
 Passwall                 Tmut/Erth      0%         N/A       61%         2
 Confusing Touch          Hex            0%         N/A       83%         3
 Stone Arrow              Conj/Erth      0%         3d7       83%         3
 Vampiric Draining        Necr           0%         2d6       83%         3
 Agony                    Necr           0%         N/A       100%        5
 Chain Lightning          Conj/Air       0%         N/A       100%        9
 Fire Storm               Conj/Fire      0%         5d1       100%        9
 Shatter                  Erth           0%         3d5*      100%        9


Dungeon Overview and Level Annotations

Branches:
Dungeon (4/15)
 Temple: D:4-7

Altars:
Wu Jian

Portals:
Sewer: D:3


Innate Abilities, Weirdness & Mutations

You are small and have problems with some larger weapons.
You are completely attuned to the shadows.


Message History

A hound is nearby!
You shoot an arrow. The arrow barely misses the hound.
The hound barely misses you.
You shoot an arrow. The arrow hits the hound.
You kill the hound!
No target in view!
No target in view!
A vampire comes into view.
A vampire is nearby!
A vampire is nearby!
You shoot an arrow.
The arrow hits the vampire but does no damage.
The vampire gestures wildly while chanting.
The vampire flickers and vanishes!
Deactivating autopickup; reactivate with Ctrl-A.
A dart slug comes into view.
The dart slug misses you.
You shoot an arrow. The arrow hits the dart slug!
The dart slug is severely wounded.
The dart slug misses you.
You shoot an arrow. The arrow hits the dart slug.
The dart slug is almost dead.
Something barely misses you. Something bites you.
Something draws strength from your injuries!
The dart slug closely misses you.
You shoot an arrow.
The arrow hits the dart slug but does no damage.
The dart slug is almost dead.
Something hits you but does no damage. Something barely misses you.
The dart slug barely misses you. Something hits you!
Something bites you but does no damage.
You shoot an arrow. The arrow hits the dart slug.
You kill the dart slug!
Something hits you. Something bites you!
* * * LOW HITPOINT WARNING * * *
Something draws strength from your injuries!
You shoot an arrow. Something hits you.
* * * LOW HITPOINT WARNING * * *
Something bites you!
You die...

.####.#######
............
#.........#
#####.#...##
######.##...#
##......###..##
.# #..######
#....
...####.##
#.... #..@...#
#.... ########
...... .#....
#.... #....


There were no monsters in sight!

Vanquished Creatures
  A black bear (D:4)
  A hound (D:5)
  2 orc wizards (D:4)
  3 adders
  A worm (D:3)
  3 dart slugs
  4 orcs
  2 bats
  3 endoplasms
  3 giant cockroaches
  11 hobgoblins
  2 jackals (D:1)
  4 quokkas
  8 ball pythons
  4 frilled lizards
  3 goblins
  5 kobolds
  6 rats
  A spectral kobold (D:2)
67 creatures vanquished.

Notes
Turn   | Place    | Note
-------+----------+-------------------------------------------
     0 | D:1      | Newt the Kobold Hunter began the quest for the Orb.
     0 | D:1      | Reached XP level 1. HP: 12/12 MP: 1/1
   231 | D:1      | Reached XP level 2. HP: 18/18 MP: 2/2
   938 | D:1      | Reached XP level 3. HP: 22/23 MP: 3/3
  1813 | D:2      | Reached XP level 4. HP: 30/30 MP: 4/4
  1877 | D:2      | Found a faded altar of an unknown god.
  2503 | D:3      | Reached skill level 5 in Fighting
  2601 | D:3      | Found a glowing drain.
  2660 | D:3      | Found an ornate altar of the Wu Jian Council.
  2908 | D:4      | Reached skill level 6 in Ranged Weapons
  2908 | D:4      | Reached XP level 5. HP: 35/35 MP: 5/5
  2908 | D:4      | Noticed a black bear
  2923 | D:4      | Killed a black bear
  2924 | D:4      | Reached skill level 7 in Ranged Weapons
  2924 | D:4      | Reached XP level 6. HP: 3/40 MP: 6/6
  3143 | D:4      | Identified the +7 mace of Demonkind {spect, rPois rN++}
  3181 | D:4      | You fall into a shaft and drop 1 floor!
  3181 | D:5      | Entered Level 5 of the Dungeon
  3221 | D:5      | Noticed a vampire
  3250 | D:5      | Mangled by a vampire

Illustrated notes

Levels and vault maps discovered:
D:1:      ldierk_walled_garden_2, layout_loops_corners
D:2:      layout_basic, dreamdust_ecumenical_altar_drowned_temple,
          minmay_3d_cube
D:3:      layout_rooms, nzn_wu_jian_council_hall, gup_sewer_entry_glass,
          minmay_misc_feat_x, minmay_misc_feat_square
D:4:      layout_loops_ring
D:5:      layout_rooms, nicolae_inconvenience_store

Skill      XL: |  1  2  3  4  5 |
---------------+----------------+-----
Fighting       | 3 4 5 |  5.0
Ranged Weapons | 6 7 |  7.9
Dodging        | |  2.4
Stealth        | |  1.3

Action                     |  1- 3 |  4- 6 || total
---------------------------+-------+-------++-------
   Fire: Shortbow          |    74 |   114 ||   188
    Use: Scroll            |     5 |     3 ||     8
 Armour: Leather armour    |     4 |    14 ||    18
  Dodge: Dodged            |    23 |    62 ||    85

Table legend: (Time is in decaauts)
 A = Elapsed time spent in this place.
 B = Non-inter-level travel time spent in this place.
 C = Inter-level travel time spent in this place.
 D = Time resting spent in this place.
 E = Time spent auto-exploring this place.
 F = Levels seen in this place.
 G = Mean time per level.
                   A        B        C        D        E       F      G
               +--------+--------+--------+--------+--------+-----+--------+
         Total |   3286 |   3182 |    104 |    528 |   2239 |   5 |  657.2 |
       Dungeon |   3286 |   3182 |    104 |    528 |   2239 |   5 |  657.2 |
               +--------+--------+--------+--------+--------+-----+--------+

Top non-repeatable levels by time:
     D:1: 1323 daAuts
     D:2: 977 daAuts
     D:3: 586 daAuts
     D:4: 328 daAuts
     D:5: 69 daAuts
